 Dungeon Crawl Stone Soup version 0.30-a0-937-ga0a21ad780 (webtiles) character file.

Game seed: 16150717937804699175

21157 funkygono the Severer (level 12, 0/97 (111) HPs)
             Began as a Minotaur Fighter on Mar 24, 2023.
             Was an Elder of Okawaru.
             Slain by Rupert
             ... wielding a +5 great sword of draining
              (31 damage)
             ... on level 4 of the Lair of Beasts.
             The game lasted 00:21:35 (11629 turns).

funkygono the Severer (Minotaur Fighter)           Turns: 11629, Time: 00:21:35

HP:   0/97 (111)    AC: 25    Str: 24    XL:     12   Next: 51%
MP:   0/13          EV: 10    Int:  5    God:    Okawaru [****..]
Gold: 534           SH:  7    Dex: 12    Spells: 11/11 levels left

rFire   . . .      SeeInvis .    a - +4 war axe (flame)
rCold   . . .      Faith    .    c - +0 buckler
rNeg    . . .      Spirit   +    m - +0 plate armour
rPois   .          Reflect  .    (helmet restricted)
rElec   .          Rampage  .    o - +1 cloak
rCorr   .                        (no gloves)
Will    .....                    (no boots) Stlth
                                 F - amulet of guardian spirit
HPRegen 0.36/turn                t - +4 ring of protection
MPRegen 0.13/turn                K - +4 ring of slaying

@: heroic, finesse-ful, heavily drained
A: horns 2, retaliatory headbutt
a: Renounce Religion, Heroism, Finesse


You were on level 4 of the Lair of Beasts.
You worshipped Okawaru.
Okawaru was greatly pleased with you.
You visited 3 branches of the dungeon, and saw 13 of its levels.

You collected 534 gold pieces.

Inventory:

Hand Weapons
 a - a +4 war axe of flaming (weapon)
Missiles
 j - 6 datura-tipped darts
 p - 3 boomerangs (quivered)
 u - 6 atropa-tipped darts
 w - 21 poisoned darts
 H - a curare-tipped dart
 I - a silver javelin
Armour
 c - a +0 buckler (worn)
 m - a +0 plate armour (worn)
 o - a +1 cloak (worn)
Jewellery
 f - a ring of protection from fire
 g - a +5 ring of evasion
 s - a +6 ring of dexterity
 t - a +4 ring of protection (left hand)
 A - a +4 ring of protection
 F - an amulet of guardian spirit (around neck)
 K - a +4 ring of slaying (right hand)
Wands
 h - a wand of iceblast (20)
 q - a wand of flame (6)
 r - a wand of mindburst (16)
 y - a wand of light (9)
 G - a wand of paralysis (18)
Scrolls
 v - 2 scrolls of immolation
 z - 2 scrolls of amnesia
 B - 3 scrolls of teleportation
 C - 3 scrolls of identify
 D - a scroll of brand weapon
 E - a scroll of fear
Potions
 b - 2 potions of cancellation
 d - 3 potions of mutation
 e - 3 potions of haste
 i - 3 potions of flight
 k - a potion of invisibility
 l - 2 potions of heal wounds
 n - 9 potions of curing
 x - a potion of berserk rage


   Skills:
 + Level 11.6(16.6) Fighting
 + Level 15.9(20.9) Axes
 + Level 0.1(5.1) Throwing
 + Level 13.8(18.8) Armour
 + Level 2.5(7.5) Dodging
 + Level 0.5(5.5) Stealth
 + Level 8.2(13.2) Shields
 + Level 2.9 Invocations


You had 11 spell levels left.
You didn't know any spells.
Your spell library contained the following spells:

 Spells                   Type           Power      Damage    Failure   Level
 Lesser Beckoning         Tloc           0%         N/A       99%         2
 Gell's Gravitas          Tloc           0%         N/A       100%        3
 Teleport Other           Tloc           0%         N/A       100%        3
 Eringya's Noxious Bog    Tmut/Pois      0%         N/A       100%        6
 Summon Forest            Summ/Tloc      Unusable   N/A       N/A         5
 Summon Hydra             Summ           Unusable   N/A       N/A         7

Dungeon Overview and Level Annotations

Branches:
Dungeon (8/15)             Temple (1/1) D:7            Lair (4/5) D:8
  Swamp (0/4) Lair:3        Snake (0/4) Lair:2
  Slime: Lair:4-5

Altars:
Ashenzari
Cheibriados
Dithmenos
Elyvilon
Fedhas
Gozag
Hepliaklqana
Kikubaaqudgha
Nemelex Xobeh
Okawaru
Qazlal
Ru
Sif Muna
Uskayaw
Vehumet
Wu Jian
Xom
Yredelemnul
Zin
The Shining One

Shops:
D:1 *   D:3 ?   D:6 =   D:7 (   D:8 [

Portals:
Abyss: D:3

Annotations:
D:3 2 transporters, julianmaster's ghost, amateur MiHu
Lair:4 1 runed translucent door, Felumuvi's ghost, journeyman OpSu; Rupert


Innate Abilities, Weirdness & Mutations

You have a pair of horns on your head.
You reflexively headbutt those who attack you in melee.


Message History

You hit the elephant but do no damage.
The elephant is severely wounded.
Rupert roars madly and goes into a rage!
Rupert goes berserk!
You block the elephant's attack.
The elephant trunk-slaps you but does no damage.
You slash the elephant! You burn the elephant.
The elephant is almost dead.
The elephant barely misses you.
The elephant trunk-slaps you but does no damage.
You hear a trumpeting!
You hear a bellow!
You gain the combat prowess of a mighty hero.
You can now deal lightning-fast blows.
You block Rupert's attack.
You slash Rupert! You burn Rupert.
Rupert is lightly wounded.
Rupert hits you with a +5 great sword of draining!!
You feel drained.
You hit Rupert. You burn Rupert.
Rupert is lightly wounded.
You slash Rupert! You burn Rupert. Your headbutt misses Rupert.
Rupert is lightly wounded.
Rupert hits you with a +5 great sword of draining.
You feel drained.
You slash Rupert! You burn Rupert.
Rupert is moderately wounded.
You slice Rupert!! You burn Rupert.
Rupert is moderately wounded.
Rupert hits you with a +5 great sword of draining!!
You feel drained.
You hear a bellow!
You hit Rupert. You burn Rupert.
Rupert is heavily wounded.
You closely miss Rupert. You headbutt Rupert.
Rupert is heavily wounded.
Rupert hits you with a +5 great sword of draining.
You feel drained.
You slash Rupert! You burn Rupert. You headbutt Rupert.
Rupert is heavily wounded.
Rupert hits you with a +5 great sword of draining!!
You die...

.†#...........#.....#.####.#...##
.....Y.....⌠.......###..#.......#
....#..Y..........####.........P#
....##..⌠..<..⌠..##P....####....#
......#......[..##.....#........#
>....@##Y..⌠...#.######.........#
.......#......#### #...........
.#......#..+###### ##.......>..
####...###...###@# ##..........
#...##.....Y@## ##.........P#
##.##.⌠.<.⌠.Y# #..........##
###.#.....### ###.......####
####.⌠.## ##........## ##
#....### ###P......#[# #.
#....#.# #.......##### ##.
##......# ##⌠...⌠## ###..
#......## ?###+###. ##....


You could see Rupert (berserk) and 2 elephants.

Vanquished Creatures
  A hydra (Lair:3)
  A boulder beetle (D:8)
  2 ghost crabs (Lair:3)
  11 elephants
  6 black mambas
  10 cane toads
  3 rime drakes
  A polar bear (Lair:3)
  5 dream sheep (Lair:3)
  7 blink frogs
  A spectral lindwurm (Lair:3)
  3 wyverns
  3 basilisks
  A yak (Lair:4)
  2 steam dragons
  15 water moccasins
  An orc warrior (D:7)
  2 sky beasts
  3 ice beasts
  A black bear (D:5)
  A spectral blink frog (Lair:3)
  2 ogres
  4 wolves (Lair:3)
  2 centaurs
  2 phantoms (D:6)
  2 kobold brigands
  A spectral wyvern (Lair:3)
  4 gnoll sergeants
  11 bullfrogs
  3 scorpions
  3 wights (D:6)
  3 electric eels
  A howler monkey (D:8)
  2 jellies (D:8)
  A hound (D:4)
  A sleepcap (D:6)
  7 hell rats (Lair:2)
  7 iguanas
  2 orc wizards
  Robin (D:3)
  21 gnolls
  8 adders
  A white imp (D:5)
  An ufetubus (D:6)
  2 worms (D:3)
  3 dart slugs (D:1)
  12 orcs
  5 ball pythons
  3 bats
  8 endoplasms
  2 giant cockroaches
  18 goblins
  8 hobgoblins
  A quokka (D:5)
  3 frilled lizards
  16 kobolds
  3 rats
254 creatures vanquished.

Vanquished Creatures (others)
  9 fungi
  62 plants
71 creatures vanquished.

Grand Total: 325 creatures vanquished

Notes
Turn   | Place    | Note
-------+----------+-------------------------------------------
     0 | D:1      | funkygono the Minotaur Fighter began the quest for the Orb.
     0 | D:1      | Reached XP level 1. HP: 19/19 MP: 0/0
    76 | D:1      | Found a faded altar of an unknown god.
   137 | D:1      | Reached XP level 2. HP: 27/27 MP: 1/1
   241 | D:1      | You fall into a shaft and drop 1 floor!
   283 | D:1      | Found Jomoidebicw's Assorted Antiques.
   467 | D:1      | Reached XP level 3. HP: 30/33 MP: 2/2
   620 | D:2      | Reached skill level 3 in Axes
   819 | D:2      | Found a white marble altar of Elyvilon.
  1169 | D:3      | Noticed a small abomination
  1174 | D:3      | Found a transporter.
  1187 | D:3      | Noticed a small abomination
  1190 | D:3      | Noticed julianmaster's ghost (amateur MiHu)
  1256 | D:3      | Found a one-way gate to the infinite horrors of the Abyss.
  1268 | D:3      | Found a transporter.
  1335 | D:3      | Noticed Robin
  1341 | D:3      | Reached XP level 4. HP: 40/40 MP: 3/3
  1351 | D:3      | Killed Robin
  1576 | D:3      | Found Qezxoar's Magic Scroll Shoppe.
  1719 | D:3      | Reached skill level 4 in Axes
  1779 | D:3      | Reached XP level 5. HP: 47/47 MP: 4/4
  2148 | D:4      | Reached skill level 5 in Armour
  2511 | D:4      | Reached skill level 5 in Axes
  2624 | D:4      | Reached XP level 6. HP: 44/53 MP: 5/5
  3123 | D:5      | Entered Level 5 of the Dungeon
  3242 | D:5      | Noticed an ice beast
  3249 | D:5      | Killed an ice beast
  3250 | D:5      | Reached skill level 6 in Axes
  3250 | D:5      | Reached XP level 7. HP: 60/60 MP: 6/6
  3489 | D:5      | Reached skill level 5 in Fighting
  3665 | D:5      | Reached skill level 7 in Axes
  3768 | D:5      | Reached skill level 5 in Shields
  3990 | D:6      | Noticed a steam dragon
  3995 | D:6      | Killed a steam dragon
  4005 | D:6      | Reached XP level 8. HP: 63/69 MP: 7/7
  4124 | D:6      | Reached skill level 8 in Axes
  4620 | D:6      | Reached skill level 9 in Axes
  4662 | D:6      | Found a stormy altar of Qazlal.
  4743 | D:6      | Found Yclax's Jewellery Emporium.
  5228 | D:7      | Found Oniogoblaik's Weapon Shoppe.
  5246 | D:7      | Reached XP level 9. HP: 78/78 MP: 8/8
  5477 | D:7      | Found a staircase to the Ecumenical Temple.
  5502 | Temple   | Entered the Ecumenical Temple
  5655 | Temple   | Became a worshipper of Warmaster Okawaru
  6016 | D:8      | Noticed a boulder beetle
  6022 | D:7      | Reached skill level 10 in Axes
  6080 | D:8      | Killed a boulder beetle
  6080 | D:8      | Reached * piety under Okawaru
  6081 | D:8      | Reached skill level 10 in Armour
  6433 | D:8      | Reached skill level 11 in Axes
  6483 | D:8      | Reached ** piety under Okawaru
  6585 | D:8      | Found Gewookeh's Armour Emporium.
  6615 | D:8      | Reached XP level 10. HP: 54/88 MP: 9/9
  6919 | D:8      | Found a staircase to the Lair.
  7115 | Lair:1   | Entered Level 1 of the Lair of Beasts
  7122 | Lair:1   | Noticed an elephant
  7122 | Lair:1   | Noticed an elephant
  7122 | Lair:1   | Noticed an elephant
  7129 | Lair:1   | Killed an elephant
  7134 | Lair:1   | Noticed an elephant
  7134 | Lair:1   | Noticed an elephant
  7141 | Lair:1   | Killed an elephant
  7150 | Lair:1   | Killed an elephant
  7151 | Lair:1   | Killed an elephant
  7152 | Lair:1   | Reached skill level 12 in Axes
  7152 | Lair:1   | Reached skill level 1 in Dodging
  7163 | Lair:1   | Killed an elephant
  7269 | Lair:1   | Noticed a cane toad
  7276 | Lair:1   | Killed a cane toad
  7475 | Lair:1   | Noticed a cane toad
  7484 | Lair:1   | Killed a cane toad
  7484 | Lair:1   | Reached *** piety under Okawaru
  7888 | Lair:1   | Reached skill level 1 in Invocations
  8388 | Lair:2   | Noticed a black mamba
  8396 | Lair:2   | Killed a black mamba
  8397 | Lair:2   | Reached skill level 13 in Axes
  8397 | Lair:2   | Reached XP level 11. HP: 97/97 MP: 8/11
  8449 | Lair:2   | Found a staircase to the Snake Pit.
  8850 | Lair:2   | Reached **** piety under Okawaru
  9647 | Lair:3   | Noticed a four-headed hydra
  9655 | Lair:3   | Killed a one-headed hydra
  9695 | Lair:3   | Reached skill level 10 in Fighting
  9832 | Lair:3   | Reached skill level 14 in Axes
  9889 | Lair:3   | Received a gift from Okawaru
 10263 | Lair:3   | Reached ***** piety under Okawaru
 10264 | Lair:3   | Reached XP level 12. HP: 99/108 MP: 10/12
 10369 | Lair:3   | Reached skill level 15 in Axes
 10505 | Lair:3   | Found a staircase to the Swamp.
 10505 | Lair:3   | Noticed a ghost crab
 10505 | Lair:3   | Noticed a ghost crab
 10520 | Lair:3   | Killed a ghost crab
 10521 | Lair:3   | Killed a ghost crab
 11128 | Lair:4   | Identified the +0 scale mail of Hopscotch {Int+3} (Okawaru
                  | gifted it to you on level 4 of the Lair of Beasts)
 11128 | Lair:4   | Received a gift from Okawaru
 11405 | Lair:4   | Found a runed translucent door.
 11408 | Lair:4   | Noticed Felumuvi's ghost (journeyman OpSu)
 11410 | Lair:4   | Identified the +6 spear of Fuclo {freeze, rPois}
 11588 | Lair:4   | Noticed Rupert
 11629 | Lair:4   | Slain by Rupert

Illustrated notes

Levels and vault maps discovered:
D:1:      psy_arrival_whirlpool, layout_basic,
          dreamdust_ecumenical_altar_statues, serial_shops,
          nicolae_shop_waterfront
D:2:      layout_rooms, basic_altar, grunt_decor_arrowhead
D:3:      layout_basic, gammafunk_ghost_abyssal_escape, serial_curves,
          eino_curves_01, eino_curves_02, serial_shops, shop, uniq_robin
D:4:      layout_basic
D:5:      layout_loops_cross
D:6:      layout_basic, nicolae_qazlal_scattered_showers, serial_shops, shop,
          feat_on_display
D:7:      layout_gridville, minmay_temple_entry_stoned_glass, serial_shops, shop
D:8:      layout_basic, lair_entry_dummy, serial_shops, shop, grunt_ministairs_7
Temple:   nicolae_temple_bog_church
Lair:1:   layout_roguey
Lair:2:   layout_regular_city, minmay_snake_entry_six_corridors
Lair:3:   layout_chaotic_city, nicolae_swamp_entry_spooky, serial_bayou_lagoon_a
Lair:4:   layout_cave_pods, dpeg_slime_entry_corner,
          ebering_ghost_funeral_grove, grunt_megastairs_3, serial_bayou_shore_a,
          uniq_rupert

Skill      XL: |  1  2  3  4  5  6  7  8  9 10 11 12 |
---------------+-------------------------------------+-----
Shields        | 4 5 6 7 8 |  8.2
Fighting       | 4 5 6 8 9 10 11 | 11.6
Armour         | 4 5 6 7 8 10 12 13 | 13.8
Axes           | 3 4 5 6 7 9 11 13 14 15 | 15.9
Dodging        | 1 2 |  2.5
Invocations    | 1 2 |  2.9
Throwing       | |  0.1
Stealth        | |  0.5

Action                     |  1- 3 |  4- 6 |  7- 9 | 10-12 || total
---------------------------+-------+-------+-------+-------++-------
  Melee: War axe           |    76 |   109 |   186 |   330 ||   701
         Headbutt          |     4 |    12 |    36 |    70 ||   122
  Throw: Boomerang         |       |       |       |     1 ||     1
 Invoke: Heroism           |       |       |       |    22 ||    22
         Finesse           |       |       |       |     1 ||     1
    Use: Scroll            |     6 |    15 |     4 |     3 ||    28
         Potion            |       |       |     2 |       ||     2
 Armour: Scale mail        |    22 |       |       |       ||    22
         Plate armour      |    23 |    46 |    96 |   206 ||   371
  Dodge: Dodged            |    30 |    29 |    52 |   104 ||   215
  Block: Buckler           |    12 |    22 |    42 |    90 ||   166

Table legend: (Time is in decaauts)
 A = Elapsed time spent in this place.
 B = Non-inter-level travel time spent in this place.
 C = Inter-level travel time spent in this place.
 D = Time resting spent in this place.
 E = Time spent auto-exploring this place.
 F = Levels seen in this place.
 G = Mean time per level.
                   A        B        C        D        E       F      G
               +--------+--------+--------+--------+--------+-----+--------+
         Total |  11659 |  11397 |    262 |    133 |   9203 |  13 |  896.8 |
       Dungeon |   6897 |   6735 |    162 |    133 |   5187 |   8 |  862.1 |
        Temple |    310 |    289 |     21 |      0 |    261 |   1 |  310.0 |
          Lair |   4451 |   4374 |     77 |      0 |   3754 |   4 | 1112.8 |
               +--------+--------+--------+--------+--------+-----+--------+

Top non-repeatable levels by time:
  Lair:2: 1491 daAuts
     D:6: 1263 daAuts
  Lair:3: 1145 daAuts
     D:8: 1060 daAuts
     D:4: 1023 daAuts
     D:3: 972 daAuts
  Lair:1: 936 daAuts
  Lair:4: 878 daAuts
     D:5: 859 daAuts
     D:2: 654 daAuts
     D:1: 534 daAuts
     D:7: 529 daAuts
  Temple: 310 daAuts
